 Dungeon Crawl Stone Soup version 0.25.0-1-g7eea58d2a3 (webtiles) character file.

Game seed: 7310969793844483414

51 DeadF the Sneak (level 3, -2/14 HPs)
             Began as a Felid Enchanter on June 14, 2020.
             Killed from afar by Natasha (9 damage)
             ... with a magic dart
             ... on level 2 of the Dungeon.
             The game lasted 00:04:14 (1907 turns).

DeadF the Sneak (Felid Enchanter)                   Turns: 1907, Time: 00:04:19

Health: -2/14      AC:  1    Str:  2 (4)  XL:     3   Next: 58%
Magic:  1/7        EV: 18    Int: 14 (16) God:
Gold:   20         SH:  0    Dex: 14 (17) Spells: 3/6 levels left
                                        Lives:  0   Deaths: 0

rFire    . . .     SeeInvis +     - Unarmed
rCold    . . .     Gourm    .   (shield unavailable)
rNeg     . . .     Faith    .   (armour unavailable)
rPois    .         Spirit   .   (helmet unavailable)
rElec    .         Reflect  .   (cloak unavailable)
rCorr    .         Harm     .   (gloves unavailable)
MR       .....                  (boots unavailable)
Stlth    +++.......             (no amulet)
HPRegen  0.04/turn              (no ring)
MPRegen  0.10/turn              (no ring)

@: very slightly contaminated, quick
A: very small, no armour, no weapons or thrown items, stealth, claws 1, fangs 3,
see invisible, carnivore, speed 1, shaggy fur 1, slow metabolism 1, sharp paws
a: no special abilities


You were on level 2 of the Dungeon.
You were completely stuffed.

You visited 1 branch of the dungeon, and saw 2 of its levels.

You collected 20 gold pieces.

Inventory:

Jewellery
 c - a cursed amulet of regeneration
Comestibles
 b - a ration
 d - a chunk of flesh


   Skills:
 + Level 3.4 Dodging
 + Level 5.2 Stealth
 - Level 1.2 Unarmed Combat
 - Level 2.1 Spellcasting
 - Level 5.0 Hexes


You had 3 spell levels left.
You knew the following spells:

 Your Spells              Type           Power        Failure   Level  Hunger
a - Corona                Hex            ###....      3%          1    ##.....
b - Ensorcelled Hibernat  Hex/Ice        #.....       13%         2    ###....

Your spell library contained the following spells:

 Spells                   Type           Power        Failure   Level  Hunger
 Confusing Touch          Hex            ###.....     9%          3    ####...
 Tukima's Dance           Hex            ###.....     9%          3    ####...
 Dazzling Flash           Conj/Hex       #.....       26%         3    ####...


Dungeon Overview and Level Annotations

Branches:
Dungeon (2/15)

Altars:
Dithmenos
Wu Jian

Annotations:
D:2 1 runed translucent door, Crazy Yiuf, Natasha


Innate Abilities, Weirdness & Mutations

You cannot wear armour.
You are incapable of wielding weapons or throwing items.
Your paws allow you to move quietly. (Stealth)
You have sharp claws.
You have razor-sharp teeth.
You have supernaturally acute eyesight. (SInv)
You are carnivorous and can eat meat at any time.
You cover ground quickly.
You are covered in fur. (AC +1)
You have a slow metabolism.
Your sharp claws are effective at attacking unaware monsters.


Message History

Casting: Ensorcelled Hibernation (safe; 11% risk of failure)
Confirm with . or Enter, or press ? or * to list all spells.
Aiming: Ensorcelled Hibernation (safe; 11% risk of failure)
Press: ? - help, Shift-Dir - straight line, f/p - Natasha
Aim: Natasha (chance to defeat MR: 40%) Natasha resists with some effort.
Natasha claws you!
Ouch! That really hurt!
Casting: Ensorcelled Hibernation (safe; 11% risk of failure)
Confirm with . or Enter, or press ? or * to list all spells.
You don't have enough magic to cast that spell.
Unknown command.
Natasha howls an incantation.
You feel disoriented.
It was a potion of degeneration.
There was something very wrong with that liquid.
You feel weakened.
You feel dopey.
You feel clumsy.
Natasha stares at you and mumbles some strange words.
The magic dart hits you!
Ouch! That really hurt!
You die...

### ### ..## #..
... #.# #.## #.#
#..####.#####
#...@.h....#
#..###.###.#
#..# #.# ##. #
#..# #.. ...
######## ###.#
#### ..#
.......#l# #.#.#
#.#
.#######.###.#.#
#.# .# #.#.....#
#.# .# #.##...##
#.#


You could see Natasha.

Vanquished Creatures
  3 adders (D:2)
  A worm (D:2)
  A dart slug (D:2)
  A leopard gecko (D:1)
  2 giant cockroaches (D:1)
  5 hobgoblins
  A kobold (D:1)
  A bat (D:1)
  2 frilled lizards
  2 goblins (D:2)
  A rat (D:1)
20 creatures vanquished.

Notes
Turn   | Place    | Note
-------+----------+-------------------------------------------
     0 | D:1      | DeadF the Felid Enchanter began the quest for the Orb.
     0 | D:1      | Reached XP level 1. HP: 7/7 MP: 4/4
   270 | D:1      | Reached XP level 2. HP: 9/11 MP: 4/6
   848 | D:2      | Learned a level 2 spell: Ensorcelled Hibernation
   851 | D:2      | Reached skill level 5 in Hexes
   940 | D:2      | Found an ornate altar of the Wu Jian Council.
  1108 | D:2      | Found a shadowy altar of Dithmenos.
  1315 | D:2      | Reached XP level 3. HP: 14/14 MP: 7/7
  1408 | D:2      | Reached skill level 5 in Stealth
  1767 | D:2      | Found a runed translucent door.
  1768 | D:2      | Noticed Crazy Yiuf
  1892 | D:2      | Noticed Natasha
  1907 | D:2      | Killed from afar by Natasha

Illustrated notes

Levels and vault maps discovered:
D:1:      ncdulo_halloftheorcs, layout_basic, grunt_decor_arrowhead
D:2:      layout_loops_corners, lemuel_crystal_altar, kennysheep_doodads,
          grunt_decor_fettered, nicolae_dithmenos_shadow_blocks, uniq_natasha,
          uniq_crazy_yiuf_cottage

Skill      XL: |  1  2  3 |
---------------+----------+-----
Hexes          | 5 |  5.0
Dodging        | 3 |  3.4
Stealth        | 5 |  5.2
Unarmed Combat | |  1.2
Spellcasting   | |  2.1

Action                   || total
-------------------------++-------
Melee: Unarmed           ||    51
       Bite              ||     5
 Cast: Corona            ||     6
       Ensorcelled Hiber ||    20
  Use: Scroll            ||     3
       Potion            ||     1
 Stab: Sleeping          ||    13
  Eat: Chunk             ||    11
Armor: Skin              ||     2
Dodge: Dodged            ||    57
